 Dungeon Crawl Stone Soup version 0.30-a0-636-g200c5c4a83 (webtiles) character file.

Game seed: 7934207734571263659

787 Oxelix the Cudgeller (level 7, 0/46 HPs)
             Began as a Gargoyle Fighter on Jan 15, 2023.
             Was a Believer of Cheibriados.
             Slain by a black bear (6 damage)
             ... on level 6 of the Dungeon.
             The game lasted 00:12:08 (5789 turns).

Oxelix the Cudgeller (Gargoyle Fighter)             Turns: 5789, Time: 00:12:09

Health: 0/46       AC: 12    Str: 27    XL:     7   Next: 87%
Magic:  4/7        EV: 11    Int: 13    God:    Cheibriados [**....]
Gold:   151        SH:  0    Dex: 13    Spells: 6/6 levels left

rFire   . . .      SeeInvis .    y - +0 great mace
rCold   . . .      Faith    .    (shield currently unavailable)
rNeg    + . .      Spirit   .    q - +1 leather armour "Elioli" {Str+2}
rPois   ∞          Reflect  .    j - +0 helmet
rElec   +          Harm     .    t - +0 cloak
rCorr   .          Rampage  .    (no gloves)
Will    .....                    w - +0 pair of boots
Stlth   +                        (no amulet)
HPRegen 0.27/turn                (no ring)
MPRegen 0.10/turn                (no ring)

@: very slow
A: sickness immunity, AC +4, negative energy resistance 1, electricity
resistance, torment resistance 1, petrification resistance
a: Renounce Religion, Bend Time


You were on level 6 of the Dungeon.
You worshipped Cheibriados.
Cheibriados was pleased with you.
You visited 2 branches of the dungeon, and saw 7 of its levels.

You collected 284 gold pieces.
You spent 133 gold pieces at shops.

Inventory:

Hand Weapons
 a - a +0 flail
 y - a +0 great mace (weapon)
Missiles
 h - 5 poisoned darts (quivered)
 x - 5 atropa-tipped darts
Armour
 c - a +0 buckler
 j - a +0 helmet (worn)
 q - the +1 leather armour "Elioli" (worn) {Str+2}
   (You found it on level 3 of the Dungeon)

   Str:       It affects your strength (+2).
 t - a +0 cloak (worn)
 u - a +0 chain mail
 w - a +0 pair of boots (worn)
Jewellery
 s - a +5 ring of evasion
Wands
 m - a wand of flame (27)
Scrolls
 e - 2 scrolls of brand weapon {unknown}
 k - 2 scrolls of fog {unknown}
 n - 4 scrolls of enchant armour {unknown}
 p - 6 scrolls of identify {unknown}
 r - 3 scrolls of butterflies {unknown}
 v - 2 scrolls of teleportation {unknown}
Potions
 b - a potion of cancellation {unknown}
 d - a potion of might
 f - 2 potions of flight {unknown}
 g - 4 potions of heal wounds {unknown}
 i - 7 potions of curing {unknown}
 l - a potion of lignification {unknown}
 o - 2 potions of haste {unknown}


   Skills:
 + Level 6.2 Fighting
 * Level 7.2 Maces & Flails
 - Level 3.2 Armour
 - Level 3.2 Shields


You had 6 spell levels left.
You didn't know any spells.
Your spell library contained the following spells:

 Spells                   Type           Power      Damage    Failure   Level
 Vhi's Electric Charge    Tloc/Air       0%         N/A       71%         3
 Arcjolt                  Conj/Air       0%         1d10      100%        5
 Maxwell's Capacitive Co  Air            0%         ∞         100%        8


Dungeon Overview and Level Annotations

Branches:
Dungeon (6/15)             Temple (1/1) D:4

Altars:
Cheibriados
Elyvilon
Gozag
Makhleb
Qazlal
Ru
Sif Muna
Trog
Uskayaw
Vehumet
Yredelemnul
Zin
The Shining One

Shops:
D:1 :   D:2 *   D:6 (


Innate Abilities, Weirdness & Mutations

You are immune to sickness and miasma.
Your stone body is resilient. (AC +4)
You are immune to poison.
You resist negative energy. (rN+)
You are resistant to electric shocks. (rElec)
You are resistant to unholy torment.
You are immune to petrification.


Message History

You barely miss the black bear. The black bear closely misses you.
The black bear claws you.
The black bear claws you but does no damage.
The black bear barely misses you. The black bear completely misses you.
The black bear closely misses you.
You bludgeon the black bear!!
The black bear is almost dead.
The black bear goes berserk!
The gnoll hits you from afar with a +0 halberd.
You hit the black bear.
The black bear is almost dead.
The black bear bites you but does no damage.
The black bear claws you but does no damage.
The black bear barely misses you. The gnoll closely misses you.
The black bear misses you.
The black bear claws you but does no damage.
The black bear claws you.
You hit the black bear but do no damage.
The black bear is almost dead.
The black bear barely misses you.
The black bear claws you but does no damage.
The black bear barely misses you. The gnoll closely misses you.
The black bear closely misses you. x2; The black bear claws you.
The gnoll hits you from afar with a +0 halberd.
You hit the black bear.
The black bear is almost dead.
The black bear bites you.
The black bear claws you but does no damage. x2
The black bear barely misses you.
The black bear claws you but does no damage.
The black bear claws you. The gnoll barely misses you.
The black bear bites you. The black bear claws you.
* * * LOW HITPOINT WARNING * * *
The black bear claws you but does no damage.
The gnoll hits you from afar with a +0 halberd.
* * * LOW HITPOINT WARNING * * *
The black bear closely misses you.
The black bear claws you but does no damage.
The black bear claws you.
You die...

#g .# #. .# .
##.#.# .
..###....#
.......#gg# .
##.#.###...# .
#....##.#g### .
..#......gh.# #
##....##.###@# .
...#.##.# #.#
######..#.##.# #.#
..........^..# #.#
##.###..####.# #.#
##.###..####.###.#
#...##>..........#
........####.#####
#...###.####.##


You could see a black bear (berserk) and 2 gnolls.

Vanquished Creatures
  A black bear (D:5)
  A scorpion (D:4)
  A bullfrog (D:5)
  2 necrophages
  2 hounds
  3 iguanas (D:5)
  A gnoll bouda (D:4)
  Natasha (thrice) (D:4)
  An orc wizard (D:5)
  3 gnolls
  3 adders
  A shadow imp (D:6)
  3 white imps (D:5)
  3 ufetubi
  3 dart slugs
  2 worms
  4 orcs
  5 bats
  8 endoplasms
  2 giant cockroaches (D:1)
  6 hobgoblins
  8 jackals
  3 quokkas
  10 ball pythons
  3 frilled lizards
  6 goblins
  7 kobolds
  4 rats
99 creatures vanquished.

Vanquished Creatures (others)
  14 fungi (D:4)
14 creatures vanquished.

Grand Total: 113 creatures vanquished

Notes
Turn   | Place    | Note
-------+----------+-------------------------------------------
     0 | D:1      | Oxelix the Gargoyle Fighter began the quest for the Orb.
     0 | D:1      | Reached XP level 1. HP: 14/14 MP: 1/1
    52 | D:1      | Reached XP level 2. HP: 7/19 MP: 2/2
   152 | D:1      | Found Gokoliorch's Book Boutique.
   297 | D:1      | Reached skill level 3 in Maces & Flails
   297 | D:1      | Reached XP level 3. HP: 22/24 MP: 3/3
   946 | D:2      | Found Boonn's Assorted Antiques.
   954 | D:2      | Bought a scroll labelled FISECH YT ALIGH for 29 gold pieces
   954 | D:2      | Bought a sapphire potion for 26 gold pieces
  1561 | D:3      | Found a white marble altar of Elyvilon.
  1563 | D:3      | Found a radiant altar of Vehumet.
  1589 | D:3      | Identified the +1 leather armour "Elioli" {Str+2}
  1782 | D:3      | Reached XP level 4. HP: 25/29 MP: 4/4
  1839 | D:3      | Found a burning altar of Makhleb.
  2138 | D:4      | Found a bloodstained altar of Trog.
  2210 | D:4      | Found a staircase to the Ecumenical Temple.
  2291 | Temple   | Entered the Ecumenical Temple
  2463 | Temple   | Became a worshipper of Cheibriados the Contemplative
  2557 | D:4      | Noticed a scorpion
  2568 | D:4      | Killed a scorpion
  2569 | D:4      | Reached skill level 4 in Maces & Flails
  2569 | D:4      | Reached XP level 5. HP: 30/34 MP: 5/5
  2621 | D:4      | Noticed Natasha
  2630 | D:4      | Killed Natasha
  2684 | D:4      | Noticed Natasha
  2696 | D:4      | Killed Natasha
  2713 | D:4      | Noticed Natasha
  2717 | D:4      | Killed Natasha
  2718 | D:4      | Reached skill level 5 in Maces & Flails
  2811 | D:4      | Reached XP level 6. HP: 36/40 MP: 6/6
  3230 | D:4      | Reached * piety under Cheibriados
  3876 | D:5      | Entered Level 5 of the Dungeon
  3886 | D:5      | Reached skill level 5 in Fighting
  4092 | D:5      | Noticed a black bear
  4107 | D:5      | Killed a black bear
  4108 | D:5      | Reached skill level 6 in Maces & Flails
  4108 | D:5      | Reached XP level 7. HP: 38/44 MP: 7/7
  4999 | D:5      | Reached skill level 7 in Maces & Flails
  5667 | D:6      | Found Agoxyez's Weapon Shoppe.
  5669 | D:6      | Bought a +0 great mace for 78 gold pieces
  5782 | D:6      | Reached ** piety under Cheibriados
  5789 | D:6      | Slain by a black bear

Illustrated notes

Levels and vault maps discovered:
D:1:      tekkud_arrival_beachfront_property, layout_loops_ring, serial_shops,
          nicolae_shop_crystal, minmay_pentomino_x4
D:2:      layout_basic, serial_shops, shop
D:3:      layout_loops_ring, marbit_many_paths, grunt_temple_overflow_open
D:4:      layout_layer_cave, mainiacjoe_overflow_cross_hatched,
          minmay_temple_entry_trees, uniq_natasha
D:5:      layout_layer_cave
D:6:      layout_loops_ring, serial_shops, nicolae_shop_hallway_stairs, shop
Temple:   chequers_temple_sunken

Skill      XL: |  1  2  3  4  5  6  7 |
---------------+----------------------+-----
Maces & Flails | 3 4 5 6 7 |  7.2
Fighting       | 4 5 6 |  6.2
Armour         | |  3.2
Shields        | |  3.2

Action                   |  1- 3 |  4- 6 |  7- 9 || total
-------------------------+-------+-------+-------++-------
Melee: Flail             |   162 |   139 |    84 ||   385
       Great mace        |       |       |    13 ||    13
Invok: Bend Time         |       |       |     1 ||     1
Armor: Scale mail        |    91 |       |       ||    91
       Leather armour    |     7 |    85 |    71 ||   163
Dodge: Dodged            |    92 |    74 |    68 ||   234
Block: Buckler           |    36 |    26 |    13 ||    75

Table legend: (Time is in decaauts)
 A = Elapsed time spent in this place.
 B = Non-inter-level travel time spent in this place.
 C = Inter-level travel time spent in this place.
 D = Time resting spent in this place.
 E = Time spent auto-exploring this place.
 F = Levels seen in this place.
 G = Mean time per level.
                   A        B        C        D        E       F      G
               +--------+--------+--------+--------+--------+-----+--------+
         Total |   6858 |   6691 |    167 |    721 |   4770 |   7 |  979.7 |
       Dungeon |   6610 |   6471 |    139 |    721 |   4596 |   6 | 1101.7 |
        Temple |    248 |    221 |     27 |      0 |    173 |   1 |  248.0 |
               +--------+--------+--------+--------+--------+-----+--------+

Top non-repeatable levels by time:
     D:4: 2162 daAuts
     D:5: 2093 daAuts
     D:1: 950 daAuts
     D:3: 745 daAuts
     D:2: 491 daAuts
  Temple: 248 daAuts
     D:6: 167 daAuts
